 Dungeon Sprint DCSS version 0.31-a0-728-g01b46875f1 (webtiles) character file.

Game seed: 298826148932358662

7077 sircluck the Brawler (level 10, -4/119 HPs)
             Began as a Troll Berserker on Sept 11, 2023.
             Was the Champion of Trog.
             Slain by an efreet
             ... wielding a +3 scimitar of flaming
              (14 damage)
             ... in the Dungeon (Sprint VII: "The Pits").
             The game lasted 00:04:26 (974 turns).

sircluck the Brawler (Troll Berserker)               Turns: 974, Time: 00:04:27

Health: -4/119     AC:  4    Str: 31    XL:     10   Next: 84%
Magic:  9/9        EV: 13    Int:  3    God:    Trog [******]
Gold:   0          SH:  0    Dex:  9    Spells: 9/9 levels left

rFire   . .          .
                       - Unarmed
rCold   . . .        (no shield)
rNeg    . . .        a - +0 animal skin
rPois   .            (helmet restricted)
rElec   .            (no cloak)
rCorr   .            (gloves unavailable)
SInv    .            (boots unavailable)
Will    .....        (no amulet)
Stlth   +            (no ring)
HPRegen 1.19/turn    (no ring)
MPRegen 0.11/turn

%: no teleportation
@: confused
A: large, unfitting armour, claws 3, regeneration 1, shaggy fur 1, tough skin 1
a: Renounce Religion, Berserk, Trog's Hand, Brothers in Arms


You were in the Dungeon.
You worshipped Trog.
Trog was exalted by your worship.
You visited 1 branch

Inventory:

Armour
 a - a +0 animal skin (worn)
Jewellery
 k - a +3 ring of evasion
 l - a +3 ring of protection
Scrolls
 i - 2 scrolls of vulnerability
Potions
 b - 7 potions of curing
 c - 3 potions of heal wounds
 d - a potion of haste
 e - 4 potions of magic
 f - 3 potions of berserk rage
 h - 2 potions of invisibility
 m - 2 potions of resistance


   Skills:
 + Level 13.3 Fighting
 + Level 13.1 Dodging
 + Level 15.4 Unarmed Combat


You had 9 spell levels left.
You didn't know any spells.
Your spell library was empty.

Dungeon Overview and Level Annotations

Branches:
Dungeon (1/1)

Altars:
Ashenzari
Cheibriados
Dithmenos
Elyvilon
Fedhas
Gozag
Hepliaklqana
Kikubaaqudgha
Makhleb
Nemelex Xobeh
Okawaru
Qazlal
Ru
Sif Muna
Trog
Uskayaw
Vehumet
Wu Jian
Xom
Yredelemnul
Zin
The Shining One
Jiyva
Lugonu


Innate Abilities, Weirdness & Mutations

You are too large for most types of armour.
You have claws for hands.
Your natural rate of healing is unusually fast.
You are covered in fur. (AC +1)
You have tough skin. (AC +1)


Message History

The tarantella barely misses you. The white imp puffs mist at you.
The tarantella touches you!
* * * LOW HITPOINT WARNING * * *
You are more confused.
The phantasmal warrior gestures at you.
The phantasmal warrior blinks!
You see here a dream sheep skeleton.
You bump into the large closed door.
The jumping spider leaps!
The tarantella misses you.
The phantasmal warrior is engulfed in blazing flames.
You feel much better. The tarantella barely misses you.
An efreet opens the large door.
The tarantella touches you!
* * * LOW HITPOINT WARNING * * *
The phantasmal warrior is engulfed in blazing flames.
An ogre and a kobold demonologist come into view.
Unknown command.
You're too confused to move!
The ogre shouts!
The kobold demonologist shouts!
The jumping spider leaps!
The tarantella touches you but does no damage.
The jumping spider leaps!
An efreet opens the large door.
A steam dragon comes into view.
The kobold demonologist casts a cantrip, but nothing happens.
The phantasmal warrior is engulfed in blazing flames.
Okay, then.
The steam dragon hisses angrily.
You eviscerate the tarantella!!!
You kill the tarantella!
Trog accepts your kill.
You bump into the metal wall.
The efreet gestures at you.
The fireball explodes!
The fireball engulfs you!
* * * LOW HITPOINT WARNING * * *
The phantasmal warrior is engulfed in blazing flames.
Unknown command.
The jumping spider leaps!
The kobold demonologist casts a spell.
The efreet hits you with a +3 scimitar of flaming!
You die...

..#.#####'#####''######
###.##.......##)'###########
..#.##.......##......+..+...##
..'.##.......##......+..+.....##
######...<...##.....##..##.....##
)))[##.......##...###....###W...#
)))[##.......##).##........###.##
######.......##''#...#..#...#s...
.#..###########÷@RW......z).'°..†
.#)############O'#5..#.○#...#..†.
.#)#....#..[[##.5##........###○##
.#)#....#.![[##..D###....###....#
.#)'....'..))##.K.. ##..##○○R..##
†#†#....#..))###5... +..+.....##
.).#....#..))# ###...+.W+...##
############## ##########


You could see a phantasmal warrior, a kobold demonologist, an efreet, a steam
dragon, an ogre, a quasit (summoned), a white imp and an ufetubus (summoned).

Vanquished Creatures
  A lindwurm (D)
  A gargoyle (D)
  An unseen horror (D)
  2 komodo dragons (D)
  An ice devil (D)
  2 hellwings (D)
  Grinder (D)
  A tarantella (shapeshifter) (D)
  12 dream sheep (D)
  2 flying skulls (D)
  2 yaks (D)
  A basilisk (D)
  A warg (D)
  2 floating eyes (D)
  A swamp drake (D)
  An ogre (D)
  3 wolves (D)
  2 centaurs (D)
  A kobold brigand (D)
  A bullfrog (D)
  A scorpion (D)
  A quasit (D)
  A jelly (D)
  Jessica (D)
  A gnoll bouda (D)
  2 mummies (D)
  2 gnolls (D)
  4 giant cockroaches (D)
  3 jackals (D)
  A ball python skeleton (D)
  A bat (D)
  A giant cockroach zombie (D)
58 creatures vanquished.

Vanquished Creatures (collateral kills)
  A smoke demon (D)
  A merfolk (D)
2 creatures vanquished.

Vanquished Creatures (others)
  A yak (D)
1 creature vanquished.

Grand Total: 61 creatures vanquished

Notes
Turn   | Place    | Note
-------+----------+-------------------------------------------
     0 | D        | sircluck the Troll Berserker began the quest for the Orb.
     0 | D        | Reached XP level 1. HP: 22/22 MP: 0/0
   201 | D        | Found a bloodstained altar of Trog.
   201 | D        | Found a shimmering blue altar of Sif Muna.
   201 | D        | Found a viscous altar of Jiyva.
   201 | D        | Found a hazy altar of Hepliaklqana.
   201 | D        | Found an opulent altar of Gozag.
   202 | D        | Found a glowing golden altar of the Shining One.
   202 | D        | Found a glowing silver altar of Zin.
   202 | D        | Found a basalt altar of Yredelemnul.
   202 | D        | Found a shimmering altar of Xom.
   202 | D        | Found an ornate altar of the Wu Jian Council.
   202 | D        | Found a sacrificial altar of Ru.
   202 | D        | Found a stormy altar of Qazlal.
   202 | D        | Found an iron altar of Okawaru.
   202 | D        | Found a sparkling altar of Nemelex Xobeh.
   202 | D        | Found a burning altar of Makhleb.
   202 | D        | Found a blossoming altar of Fedhas.
   202 | D        | Found a white marble altar of Elyvilon.
   202 | D        | Found a shadowy altar of Dithmenos.
   202 | D        | Found a snail-covered altar of Cheibriados.
   210 | D        | Reached ** piety under Trog
   226 | D        | Noticed a floating eye
   226 | D        | Noticed a floating eye
   228 | D        | Killed a floating eye
   228 | D        | Paralysed by a floating eye for 4 turns
   229 | D        | Reached skill level 5 in Fighting
   229 | D        | Reached skill level 5 in Dodging
   229 | D        | Reached skill level 6 in Unarmed Combat
   229 | D        | Reached XP level 2. HP: 35/35 MP: 1/1
   229 | D        | Reached XP level 3. HP: 42/42 MP: 2/2
   229 | D        | Reached XP level 4. HP: 50/50 MP: 3/3
   234 | D        | Killed a floating eye
   234 | D        | Reached *** piety under Trog
   235 | D        | Reached skill level 7 in Unarmed Combat
   235 | D        | Reached XP level 5. HP: 59/59 MP: 4/4
   260 | D        | Reached **** piety under Trog
   313 | D        | Noticed an ogre
   313 | D        | Noticed a flying skull
   338 | D        | Killed a flying skull
   339 | D        | Reached skill level 8 in Unarmed Combat
   339 | D        | Reached XP level 6. HP: 35/71 MP: 5/5
   340 | D        | Reached skill level 9 in Unarmed Combat
   407 | D        | Reached ***** piety under Trog
   408 | D        | Reached XP level 7. HP: 79/79 MP: 6/6
   430 | D        | Noticed Jessica
   431 | D        | Killed Jessica
   434 | D        | Noticed a komodo dragon
   440 | D        | Killed a komodo dragon
   441 | D        | Reached skill level 10 in Unarmed Combat
   445 | D        | Received a gift from Trog
   459 | D        | Reached XP level 8. HP: 67/92 MP: 7/7
   484 | D        | Noticed an ice devil
   496 | D        | Killed an ice devil
   497 | D        | Reached skill level 11 in Unarmed Combat
   579 | D        | Found a radiant altar of Vehumet.
   579 | D        | Found a corrupted altar of Lugonu.
   580 | D        | Found a hide-covered altar of Uskayaw.
   580 | D        | Found an ancient bone altar of Kikubaaqudgha.
   580 | D        | Found a broken altar of Ashenzari.
   599 | D        | Noticed a hellwing
   607 | D        | Killed a hellwing
   612 | D        | Reached ****** piety under Trog
   613 | D        | Reached skill level 10 in Fighting
   630 | D        | Noticed a dream sheep
   630 | D        | Noticed a dream sheep
   630 | D        | Noticed a dream sheep
   630 | D        | Noticed a dream sheep
   630 | D        | Noticed a dream sheep
   630 | D        | Noticed a dream sheep
   631 | D        | Noticed a dream sheep
   632 | D        | Noticed a dream sheep
   633 | D        | Noticed a dream sheep
   634 | D        | Killed a dream sheep
   634 | D        | Noticed a dream sheep
   634 | D        | Noticed a dream sheep
   635 | D        | Reached skill level 10 in Dodging
   636 | D        | Killed a dream sheep
   637 | D        | Reached skill level 12 in Unarmed Combat
   637 | D        | Reached XP level 9. HP: 99/102 MP: 8/8
   641 | D        | Received a gift from Trog
   642 | D        | Noticed a lindwurm
   645 | D        | Reached skill level 13 in Unarmed Combat
   682 | D        | Killed a lindwurm
   684 | D        | Reached XP level 10. HP: 25/115 MP: 9/9
   696 | D        | Received a gift from Trog
   696 | D        | HP: 4/115 [basilisk (6)]
   697 | D        | Reached skill level 14 in Unarmed Combat
   796 | D        | Noticed Grinder
   799 | D        | Noticed a smoke demon
   813 | D        | Killed Grinder
   826 | D        | Killed a smoke demon
   839 | D        | Received a gift from Trog
   917 | D        | Noticed a phantasmal warrior
   919 | D        | Reached skill level 15 in Unarmed Combat
   919 | D        | Noticed an orange demon
   919 | D        | Noticed a gargoyle
   919 | D        | Noticed a fire crab
   945 | D        | Received a gift from Trog
   965 | D        | Killed a gargoyle
   974 | D        | Slain by an efreet

Illustrated notes

Levels and vault maps discovered:
D:        pitsprint [storerooms_1, entrance_room_1, metal_vault_4, armoury_2,
          mini_pit_1, grid_room_1, main_hall_1, silver_pit, the_coven_1,
          the_vestibule_1, steel_vault_4, golden_pit, hallway_of_sentries,
          crystal_vault_4, iron_vault_4, final_vault]

Skill      XL: |  1  2  3  4  5  6  7  8  9 10 |
---------------+-------------------------------+-----
Fighting       | 5 6 7 9 10 11 13 | 13.3
Dodging        | 5 6 7 8 10 11 13 | 13.1
Unarmed Combat | 6 7 8 9 10 12 13 15 | 15.4

Action                     |  1- 3 |  4- 6 |  7- 9 | 10-12 || total
---------------------------+-------+-------+-------+-------++-------
  Melee: Unarmed           |    13 |    45 |    73 |    58 ||   189
         Punch             |       |     1 |    12 |     5 ||    18
 Invoke: Berserk           |       |     1 |     1 |       ||     2
         Brothers in Arms  |       |       |       |     1 ||     1
    Use: Potion            |       |       |     4 |     8 ||    12
         Scroll            |       |       |       |     2 ||     2
 Armour: Animal skin       |     6 |    57 |    74 |    94 ||   231
  Dodge: Dodged            |     4 |    49 |    34 |    45 ||   132

Table legend: (Time is in decaauts)
 A = Elapsed time spent in this place.
 B = Non-inter-level travel time spent in this place.
 C = Inter-level travel time spent in this place.
 D = Time resting spent in this place.
 E = Time spent auto-exploring this place.
 F = Levels seen in this place.
 G = Mean time per level.
                   A        B        C        D        E       F      G
               +--------+--------+--------+--------+--------+-----+--------+
         Total |    952 |    951 |      1 |    247 |    153 |   1 |  952.0 |
       Dungeon |    952 |    951 |      1 |    247 |    153 |   1 |  952.0 |
               +--------+--------+--------+--------+--------+-----+--------+

Top non-repeatable levels by time:
       D: 952 daAuts
